 Dungeon Crawl Stone Soup version 0.19.1-1-g22dce08 (webtiles) character file.

312 Kriby the Skirmisher (level 6, -2/41 HPs)
             Began as a Gargoyle Fighter on Jan 9, 2017.
             Slain by Menkaure (14 damage)
             ... on level 5 of the Dungeon on Jan 18, 2017.
             The game lasted 00:18:23 (2805 turns).

Kriby the Skirmisher (Gargoyle Fighter)             Turns: 2805, Time: 00:18:24

Health: -2/41      AC: 11    Str: 16 (19) XL:     6   Next: 42%
Magic:  15/15      EV: 11    Int:  6 (9)  God:
Gold:   148        SH:  9    Dex: 15 (16) Spells: 0 memorised, 5 levels left

rFire  + . .     SeeInvis .     a - +0 flail
rCold  . . .     Gourm    .     b - +0 scale mail
rNeg   + . .     Faith    .     c - +0 shield
rPois  ∞         Spirit   .     (no helmet)
rElec  +         Reflect  .     (no cloak)
rCorr  .         Harm     .     (no gloves)
MR     .....                    (no boots)
Stlth  +.........               (no amulet)
                                w - ring of magical power
                                r - ring of protection from fire

@: agile, very slightly contaminated, hasted, very quick
A: negative energy resistance 1, electricity resistance, unbreathing,
petrification resistance, rot immunity, AC +4
a: no special abilities


You were on level 5 of the Dungeon.
You were not hungry.

You visited 1 branch of the dungeon, and saw 5 of its levels.

You collected 148 gold pieces.

Inventory:

Hand Weapons
 a - a +0 flail (weapon)
Missiles
 e - 80 stones (quivered)
Armour
 b - a +0 scale mail (worn)
 c - a +0 shield (worn)
Jewellery
 r - a ring of protection from fire (left hand)
 w - a ring of magical power (right hand)
Wands
 z - a wand of slowing (22/48)
Scrolls
 d - a scroll of teleportation {unknown}
 i - 3 scrolls of identify
 j - 3 scrolls of fear {unknown}
 m - 2 scrolls of amnesia {unknown}
 o - a scroll of remove curse {unknown}
 s - a scroll of random uselessness {unknown}
 v - 2 scrolls of immolation {unknown}
 y - a scroll of enchant weapon {unknown}
Potions
 h - a potion of agility
 n - a potion of haste
 t - 3 potions of lignification {unknown}
 D - 2 potions of mutation {unknown}
Books
 C - a book of Misfortune

   Spells                             Type                      Level
   a - Confusing Touch                Hexes                        1
   b - Confuse                        Hexes                        3
   c - Gell's Gravitas                Hexes/Translocation          3
   d - Petrify                        Transmutation/Earth          4
   e - Metabolic Englaciation         Hexes/Ice                    5
   f - Yara's Violent Unravelling     Hexes/Transmutation          5
Comestibles
 f - 4 bread rations
 g - a meat ration
 u - a beef jerky
 x - a royal jelly


   Skills:
 * Level 5.7 Fighting
 * Level 4.1 Maces & Flails
 + Level 2.2 Throwing
 - Level 3.2 Armour
 - Level 3.2 Shields


You had 5 spell levels left.
You didn't know any spells.

Dungeon Overview and Level Annotations

Branches:
Dungeon (5/15)
 Temple: D:4-7

Altars:

Annotations:
D:5 Angani's ghost, amateur DrCK; Menkaure


Innate Abilities, Weirdness & Mutations

You are resistant to torment.
Your stone body is resilient. (AC +4)
You are immune to poison.
You resist negative energy. (rN+)
You are resistant to electric shocks. (rElec)
You can survive without breathing.
You are immune to petrification.
You are immune to rotting.


Message History

You hit Menkaure.
Menkaure is lightly damaged.
Menkaure hits you. Angani's ghost completely misses you.
You hit Menkaure but do no damage.
Menkaure is lightly damaged.
You block Menkaure's attack.
Angani's ghost hits you but does no damage.
Menkaure gestures at you while chanting.
Pain shoots through your body!
You hit Menkaure.
Menkaure is heavily damaged.
You block Angani's ghost's attack. Menkaure hits you!
* * * LOW HITPOINT WARNING * * *
You barely miss Menkaure.
Menkaure is heavily damaged.
You feel yourself speed up.
Angani's ghost hits you but does no damage.
Menkaure grins.
Menkaure hits you!
You die...

#..#....###....#
#......###....#
#.......##....#
##.......##....#
#..............#
##.............##
#..>.....#.....#
##.W....###....#
#..@M.## #....#
####### #....#
......# ...#...
#..


You could see Menkaure and Angani's ghost.

Vanquished Creatures
  Sigmund (D:2)
  A water moccasin skeleton (D:4)
  3 adders
  2 worms
  2 dart slugs
  6 leopard geckos
  An orc (D:4)
  3 giant cockroaches
  2 goblins
  2 hobgoblins (D:1)
  5 jackals (D:1)
  A quokka (D:3)
  A ball python (D:3)
  7 bats
  4 frilled lizards
  5 kobolds
  10 rats
56 creatures vanquished.

Notes
Turn   | Place    | Note
-------+----------+-------------------------------------------
     0 | D:1      | Kriby the Gargoyle Fighter began the quest for the Orb.
     0 | D:1      | Reached XP level 1. HP: 14/14 MP: 1/1
    83 | D:1      | Reached XP level 2. HP: 15/19 MP: 2/2
   612 | D:1      | Reached XP level 3. HP: 23/24 MP: 3/3
   624 | D:1      | Reached skill level 1 in Throwing
   742 | D:2      | Reached skill level 4 in Fighting
  1082 | D:2      | Noticed Sigmund
  1097 | D:2      | Killed Sigmund
  1097 | D:2      | Reached skill level 5 in Fighting
  1097 | D:2      | Reached XP level 4. HP: 21/31 MP: 4/4
  1097 | D:2      | Reached XP level 5. HP: 24/35 MP: 5/5
  1195 | D:2      | Reached XP level 6. HP: 40/40 MP: 6/6
  2641 | D:5      | Entered Level 5 of the Dungeon
  2667 | D:5      | Noticed Angani's ghost (amateur DrCK)
  2669 | D:5      | Noticed Menkaure
  2805 | D:5      | Slain by Menkaure

Skill      XL: |  1  2  3  4  5  6 |
---------------+-------------------+-----
Throwing       | 2 |  2.2
Fighting       | 5 |  5.7
Maces & Flails | 3 4 |  4.1
Armour         | |  3.2
Shields        | |  3.2

Action                   |  1- 3 |  4- 6 || total
-------------------------+-------+-------++-------
Melee: Flail             |    93 |    57 ||   150
Throw: Stone             |    64 |    64 ||   128
Evoke: Wand              |       |     1 ||     1
  Use: Potion            |     1 |     8 ||     9
       Scroll            |       |     1 ||     1
 Stab: Invisible         |       |     3 ||     3
  Eat: Chunk             |       |     4 ||     4
       Bread ration      |       |     1 ||     1
Armor: Scale mail        |    45 |    23 ||    68
Dodge: Dodged            |    14 |    21 ||    35
Block: Shield            |    50 |    18 ||    68
